 Dungeon Crawl Stone Soup version 0.28.0-53-g5a82cb258f (webtiles) character file.

Game seed: 6877014142374806162

56 jiml777 the Digger (level 3, -3/19 HPs)
             Began as a Gargoyle Earth Elementalist on June 10, 2022.
             Slain by Crazy Yiuf
             ... wielding a +3 quarterstaff of chaos
              (4 damage)
             ... on level 2 of the Dungeon.
             The game lasted 00:06:56 (2053 turns).

jiml777 the Digger (Gargoyle Earth Elementalist)    Turns: 2053, Time: 00:06:57

Health: -3/19      AC:  6    Str: 11    XL:     3   Next: 97%
Magic:  2/6        EV: 12    Int: 17    God:
Gold:   69         SH:  0    Dex: 10    Spells: 5/6 levels left

rFire   . . .      SeeInvis .   h - +5 dagger (flame)
rCold   . . .      Faith    .   (no shield)
rNeg    + . .      Spirit   .   b - +0 robe
rPois   ∞          Reflect  .   (no helmet)
rElec   +          Harm     .   (no cloak)
rCorr   .          Rampage  .   g - +0 pair of gloves
Will    .....                   (no boots)
Stlth   ++........              (no amulet)
HPRegen 0.06/turn               (no ring)
MPRegen 0.10/turn               (no ring)

@: slowed, very slow
A: sickness immunity, AC +3, negative energy resistance 1, electricity
resistance, torment resistance 1, petrification resistance
a: no special abilities


You were on level 2 of the Dungeon.
You visited 1 branch of the dungeon, and saw 2 of its levels.

You collected 69 gold pieces.

Inventory:

Hand Weapons
 h - a +5 dagger of flaming (weapon)
Missiles
 c - 6 stones
 d - 23 arrows
Armour
 b - a +0 robe (worn)
 g - a +0 pair of gloves (worn)
Jewellery
 f - a ring of ice
Wands
 i - a wand of polymorph (9)
Scrolls
 a - a scroll of acquirement {unknown}
Potions
 e - 3 potions of degeneration {unknown}
 j - a potion of brilliance {unknown}


   Skills:
 + Level 0.6 Maces & Flails
 + Level 1.8 Dodging
 + Level 2.4 Stealth
 + Level 2.4 Spellcasting
 + Level 0.7 Transmutations
 + Level 4.9 Earth Magic


You had 5 spell levels left.
You knew the following spells:

 Your Spells              Type           Power      Damage    Failure   Level
a - Sandblast             Erth           36%        2d10      2%          1

Your spell library contained the following spells:

 Spells                   Type           Power      Damage    Failure   Level
 Passwall                 Tmut/Erth      9%         N/A       9%          2
 Summon Small Mammal      Summ           8%         N/A       19%         1
 Stone Arrow              Conj/Erth      20%        3d8       21%         3
 Call Canine Familiar     Summ           2%         N/A       50%         3
 Summon Guardian Golem    Hex/Summ       2%         N/A       50%         3
 Petrify                  Tmut/Erth      11%        N/A       50%         4


Dungeon Overview and Level Annotations

Branches:
Dungeon (2/15)

Altars:

Annotations:
D:2 Crazy Yiuf


Innate Abilities, Weirdness & Mutations

You are immune to sickness and miasma.
Your stone body is resilient. (AC +3)
You are immune to poison.
You resist negative energy. (rN+)
You are resistant to electric shocks. (rElec)
You are resistant to unholy torment.
You are immune to petrification.


Message History

You closely miss the rat. The rat barely misses you.
You puncture the rat! You burn the rat.
You kill the rat!
Found a mace.
Found a runed translucent door.
You open the door.
Crazy Yiuf shouts!
Casting: Sandblast (safe; 2% risk of failure)
Confirm with . or Enter, or press ? or * to list all spells.
Aiming: Sandblast (safe; 2% risk of failure)
Press: ? - help, Shift-Dir - straight line, f - Crazy Yiuf
Aim: Crazy Yiuf, wielding a +3 quarterstaff of chaos and wearing a +0 cloak (82% to hit)
The blast of sand hits Crazy Yiuf.
Crazy Yiuf is moderately wounded.
Casting: Sandblast (safe; 2% risk of failure)
Confirm with . or Enter, or press ? or * to list all spells.
Aiming: Sandblast (safe; 2% risk of failure)
Press: ? - help, Shift-Dir - straight line, f/p - Crazy Yiuf
Aim: Crazy Yiuf, wielding a +3 quarterstaff of chaos and wearing a +0 cloak (moderately wounded, 82% to hit)
The blast of sand hits Crazy Yiuf.
Crazy Yiuf is heavily wounded.
Casting: Sandblast (safe; 2% risk of failure)
Confirm with . or Enter, or press ? or * to list all spells.
Aiming: Sandblast (safe; 2% risk of failure)
Press: ? - help, Shift-Dir - straight line, f/p - Crazy Yiuf
Aim: Crazy Yiuf, wielding a +3 quarterstaff of chaos and wearing a +0 cloak (heavily wounded, 82% to hit)
The blast of sand hits Crazy Yiuf.
Crazy Yiuf is severely wounded.
Crazy Yiuf hits you with a +3 quarterstaff of chaos!
Ouch! That really hurt!
You feel yourself slow down.
Casting: Sandblast (safe; 2% risk of failure)
Confirm with . or Enter, or press ? or * to list all spells.
Aiming: Sandblast (safe; 2% risk of failure)
Press: ? - help, Shift-Dir - straight line, f/p - Crazy Yiuf
Aim: Crazy Yiuf, wielding a +3 quarterstaff of chaos and wearing a +0 cloak (severely wounded, 82% to hit)
The blast of sand misses Crazy Yiuf.
Crazy Yiuf barely misses you.
Crazy Yiuf hits you with a +3 quarterstaff of chaos!
* * * LOW HITPOINT WARNING * * *
Crazy Yiuf burns you.
You die...

#........#.#........#
##############.#.#..#
#.#.#..# #####
#.#.#..# #)..#
#.#.#..# #...#
##.#.#..# ...
#.......# ## #g#
#.......# #≈ ♣@♣♣
###...#.# #≈ ♣♣.♣
###...#.###≈ ♣.♣♣
#.........#≈ ♣♣.♣
###...#.###≈ ♣♣.♣♣
####.##.# #≈ ♣♣...♣
#.......# #≈ ♣....♣
####.#### ## #....#
#.# #....# #.#


You could see Crazy Yiuf.

Vanquished Creatures
  A worm (D:2)
  2 dart slugs (D:2)
  5 bats
  5 endoplasms
  A giant cockroach (D:1)
  6 goblins
  6 hobgoblins
  3 jackals (D:1)
  2 quokkas (D:1)
  5 ball pythons
  A frilled lizard (D:2)
  A kobold (D:1)
  6 rats
44 creatures vanquished.

Notes
Turn   | Place    | Note
-------+----------+-------------------------------------------
     0 | D:1      | jiml777 the Gargoyle Earth Elementalist began the quest for
                  | the Orb.
     0 | D:1      | Reached XP level 1. HP: 10/10 MP: 3/3
    71 | D:1      | Reached skill level 4 in Earth Magic
   121 | D:1      | Reached XP level 2. HP: 11/15 MP: 5/5
   565 | D:1      | Reached XP level 3. HP: 19/19 MP: 3/6
   891 | D:1      | Found a faded altar of an unknown god.
  2045 | D:2      | Found a runed translucent door.
  2046 | D:2      | Noticed Crazy Yiuf
  2053 | D:2      | Slain by Crazy Yiuf

Illustrated notes

Levels and vault maps discovered:
D:1:      giann_bridges, layout_basic, nicolae_ecumenical_lake_church
D:2:      layout_loops_corners, kennysheep_generic_room_9,
          uniq_crazy_yiuf_cottage

Skill      XL: |  1 |
---------------+----+-----
Earth Magic    | 4 |  4.9
Maces & Flails | |  0.6
Dodging        | |  1.8
Stealth        | |  2.4
Spellcasting   | |  2.4
Transmutations | |  0.7

Action                   || total
-------------------------++-------
Melee: Mace              ||    44
       Punch             ||     2
       Dagger            ||    10
 Cast: Sandblast         ||    40
  Use: Scroll            ||     3
Armor: Robe              ||    34
Dodge: Dodged            ||    45
